 Dungeon Crawl Stone Soup version 0.30-a0-6-g7c9e10e132 (webtiles) character file.

Game seed: 2340459116487124294

3868 SensoryNuts the Cleaver (level 9, 0/75 HPs)
             Began as a Purple Draconian Fighter on Aug 22, 2022.
             Killed by vampiric draining
             ... invoked by a vampire
              (8 damage)
             ... on level 10 of the Dungeon.
             The game lasted 00:10:56 (7175 turns).

SensoryNuts the Cleaver (Purple Draconian Fighter)  Turns: 7175, Time: 00:10:56

Health: 0/75       AC: 10    Str: 28    XL:     9   Next: 99%
Magic:  9/9        EV: 10    Int:  8    God:
Gold:   427        SH:  0    Dex: 12    Spells: 8/8 levels left

rFire   . . .      SeeInvis +    a - +0 war axe
rCold   . . .      Faith    .    f - +0 tower shield
rNeg    . . .      Spirit   .    (body armour unavailable)
rPois   .          Reflect  .    (helmet restricted)
rElec   .          Harm     .    (no cloak)
rCorr   .          Rampage  .    n - +2 pair of gloves
Will    +....                    (no boots)
Stlth   +.........               q - amulet of regeneration
HPRegen 1.02/turn                k - ring of see invisible
MPRegen 0.11/turn                b - +6 ring of strength

@: confused
A: breathe power, AC +7, unfitting armour, cold-blooded
a: Breathe Dispelling Energy


You were on level 10 of the Dungeon.
You visited 1 branch of the dungeon, and saw 10 of its levels.

You collected 427 gold pieces.

Inventory:

Hand Weapons
 a - a +0 war axe (weapon)
Armour
 f - a +0 tower shield (worn)
 n - a +2 pair of gloves (worn)
Jewellery
 b - a +6 ring of strength (right hand)
 c - a ring of wizardry
 k - a ring of see invisible (left hand)
 l - a +6 ring of intelligence
 q - an amulet of regeneration (around neck)
 t - a +4 ring of protection
 w - a ring of positive energy
Wands
 g - a wand of charming (6)
Scrolls
 d - 2 scrolls of enchant armour
 i - 5 scrolls of identify
 j - 5 scrolls of teleportation
 m - 4 scrolls of poison
 o - a scroll of enchant weapon
 r - a scroll of noise {unknown}
 s - 3 scrolls of magic mapping
 x - 3 scrolls of butterflies
Potions
 h - 4 potions of degeneration
 u - 2 potions of mutation


   Skills:
 + Level 6.1 Fighting
 * Level 11.1 Axes
 + Level 5.7 Dodging
 + Level 2.0 Stealth
 + Level 6.2 Shields


You had 8 spell levels left.
You didn't know any spells.
Your spell library contained the following spells:

 Spells                   Type           Power      Damage    Failure   Level
 Conjure Flame            Conj/Fire      0%         6-21      100%        3
 Ignite Poison            Fire/Tmut/Pois 0%         N/A       100%        3
 Tukima's Dance           Hex            0%         N/A       100%        3
 Airstrike                Air            0%         2d(0-16)  100%        4
 Fulminant Prism          Conj/Hex       0%         3d6       100%        4
 Sticky Flame             Conj/Fire      0%         2d3       100%        4
 Summon Lightning Spire   Summ/Air       0%         N/A       100%        4
 Lightning Bolt           Conj/Air       0%         1d11      100%        5


Dungeon Overview and Level Annotations

Branches:
Dungeon (10/15)            Temple (0/1) D:6
   Lair: D:8-11         Orc: D:9-12

Altars:
Elyvilon
Kikubaaqudgha
Okawaru
Ru


Innate Abilities, Weirdness & Mutations

You can breathe bolts of dispelling energy.
Your rich purple scales are hard. (AC +7)
You cannot fit into any form of body armour.
You are cold-blooded and may be slowed by cold attacks.


Message History

You block the vampire's attack.
You slash the vampire!
The vampire is moderately damaged.
You block the vampire's attack.
The vampire bites you but does no damage.
The vampire hits you but does no damage.
The vampire bites you!
* * * LOW HITPOINT WARNING * * *
The vampire draws strength from your injuries!
You hit the vampire but do no damage.
You tail-slap the vampire, but do no damage.
The vampire is lightly damaged.
You block the vampire's attack. The vampire bites you.
* * * LOW HITPOINT WARNING * * *
The vampire draws strength from your injuries!
You hit the vampire. You tail-slap the vampire.
The vampire is moderately damaged.
The vampire casts a spell.
The vampire flickers and vanishes for a moment.
You hit the vampire.
The vampire is heavily damaged.
The vampire hits you.
* * * LOW HITPOINT WARNING * * *
The vampire bites you but does no damage.
The vampire gestures at you while chanting.
You are confused.
Okay, then.
Okay, then.
You closely miss the vampire.
Your tail-slap misses the vampire.
The vampire is heavily damaged.
The vampire hits you.
* * * LOW HITPOINT WARNING * * *
The vampire barely misses you.
You are too confused!
Unknown command.
You're too confused to move!
The vampire hits you but does no damage.
The vampire bites you but does no damage.
You're too confused to move!
The vampire draws life force from you!
You die...

######
#....#
#....#
#...V#
#...@#
####+#


You could see a vampire (invisible).

Vanquished Creatures
  Maggie (D:6)
  Psyche (D:8)
  5 yaks (D:9)
  Duvessa (D:6)
  An ice beast (D:5)
  3 black bears
  An ogre (D:6)
  A centaur (D:6)
  3 kobold brigands
  3 necrophages
  6 bullfrogs
  A gnoll sergeant (D:6)
  A scorpion (D:6)
  4 wights (D:8)
  Dowan (D:6)
  2 jellies
  A hound (D:6)
  2 orc priests (D:8)
  Jessica (D:2)
  Terence (D:2)
  An iguana (D:5)
  6 orc wizards
  8 gnolls
  2 adders
  A shadow imp (D:7)
  2 ufetubi (D:4)
  2 worms (D:2)
  4 dart slugs
  17 orcs
  3 bats
  6 endoplasms
  3 giant cockroaches (D:1)
  4 goblins
  10 hobgoblins
  12 jackals
  3 quokkas
  6 ball pythons
  3 frilled lizards (D:1)
  14 kobolds
  5 rats
152 creatures vanquished.

Vanquished Creatures (collateral kills)
  A steam dragon (D:8)
  An orc warrior (D:8)
  An orc priest (D:8)
  An orc (D:8)
4 creatures vanquished.

Vanquished Creatures (others)
  An orc (D:8)
  A withered plant (D:1)
2 creatures vanquished.

Grand Total: 158 creatures vanquished

Notes
Turn   | Place    | Note
-------+----------+-------------------------------------------
     0 | D:1      | SensoryNuts the Draconian Fighter began the quest for the
                  | Orb.
     0 | D:1      | Reached XP level 1. HP: 19/19 MP: 1/1
   119 | D:1      | Reached XP level 2. HP: 25/26 MP: 2/2
   741 | D:1      | Reached XP level 3. HP: 31/31 MP: 3/3
  1112 | D:2      | Reached skill level 3 in Axes
  1166 | D:2      | Found a white marble altar of Elyvilon.
  1864 | D:2      | Noticed Terence
  1872 | D:2      | Killed Terence
  1873 | D:2      | Reached XP level 4. HP: 40/40 MP: 4/4
  1966 | D:2      | Noticed Jessica
  1978 | D:2      | Killed Jessica
  1979 | D:2      | Reached skill level 4 in Axes
  2245 | D:3      | Reached XP level 5. HP: 40/46 MP: 5/5
  2773 | D:4      | Reached skill level 5 in Axes
  2863 | D:4      | Got Sif Muna's Essays on Guile
  2970 | D:4      | Found an ancient bone altar of Kikubaaqudgha.
  3314 | D:4      | Gained mutation: Your body sometimes deteriorates upon
                  | taking damage. [potion of mutation]
  3314 | D:4      | Gained mutation: You are robust. (+10% HP) [potion of
                  | mutation]
  3618 | D:5      | Entered Level 5 of the Dungeon
  3685 | D:5      | Reached XP level 6. HP: 21/57 MP: 6/6
  4140 | D:5      | Noticed an ice beast
  4146 | D:5      | Killed an ice beast
  4147 | D:5      | Reached skill level 6 in Axes
  4147 | D:5      | Reached skill level 1 in Stealth
  4889 | D:6      | Your scales start taking on a rich purple colour.
  4889 | D:6      | Reached XP level 7. HP: 61/64 MP: 7/7
  5021 | D:6      | Reached skill level 7 in Axes
  5131 | D:6      | Noticed Dowan
  5132 | D:6      | Noticed Duvessa
  5142 | D:6      | Killed Duvessa
  5151 | D:6      | Found a staircase to the Ecumenical Temple.
  5155 | D:6      | Killed Dowan
  5187 | D:6      | Reached XP level 8. HP: 70/73 MP: 8/8
  5265 | D:6      | Noticed Maggie
  5294 | D:6      | Killed Maggie
  5295 | D:6      | Reached skill level 8 in Axes
  5412 | D:6      | Reached skill level 5 in Fighting
  5699 | D:6      | Lost mutation: You are robust. (+10% HP) [potion of
                  | mutation]
  5699 | D:6      | Lost mutation: Your body sometimes deteriorates upon taking
                  | damage. [potion of mutation]
  5699 | D:6      | Gained mutation: You are weak. (Str -2) [potion of
                  | mutation]
  5699 | D:6      | Lost mutation: You are weak. (Str -2) [potion of mutation]
  5976 | D:7      | Reached skill level 9 in Axes
  6035 | D:7      | Reached skill level 5 in Shields
  6035 | D:7      | Reached XP level 9. HP: 17/74 MP: 9/9
  6271 | D:7      | Found an iron altar of Okawaru.
  6488 | D:8      | Noticed Psyche
  6539 | D:8      | Killed Psyche
  6540 | D:8      | Reached skill level 10 in Axes
  6540 | D:8      | Reached skill level 5 in Dodging
  6808 | D:8      | Found a sacrificial altar of Ru.
  7144 | D:9      | Reached skill level 11 in Axes
  7155 | D:10     | Entered Level 10 of the Dungeon
  7175 | D:10     | Killed from afar by a vampire

Illustrated notes

Levels and vault maps discovered:
D:1:      spicycebolla_arrival_clurvy, layout_basic,
          chequers_serial_rivers_micro_c
D:2:      minmay_door_path, layout_loops_corners, basic_altar, uniq_terence,
          uniq_jessica
D:3:      layout_basic, serial_bayou_pond_d
D:4:      cheibrodos_helix_gallery, layout_rooms, kiku_gazebo_garden_becter,
          chequers_serial_rivers_large_a
D:5:      layout_basic, serial_glass, glass_columns_b, glass_columns_a,
          glass_columns_a, glass_columns_c, glass_columns_b, glass_columns_c
D:6:      nicolae_BIG_FREAKIN_CUBE, layout_loops_corners,
          minmay_temple_entry_drinking_statues, uniq_maggie, uniq_duvessa
D:7:      layout_cave_pools, okawaru_metal_pillars_1_2
D:8:      layout_rooms, overflow_temple_1_default, uniq_psyche
D:9:      layout_cave_pods
D:10:     layout_gridville

Skill      XL: |  1  2  3  4  5  6  7  8  9 |
---------------+----------------------------+-----
Dodging        | 3 4 5 |  5.7
Axes           | 3 4 5 6 7 9 11 | 11.1
Fighting       | 4 5 6 |  6.1
Stealth        | 1 2 |  2.0
Shields        | 4 5 6 |  6.2

Action                   |  1- 3 |  4- 6 |  7- 9 || total
-------------------------+-------+-------+-------++-------
Melee: War axe           |   115 |   150 |   282 ||   547
       Tailslap          |    11 |    17 |    34 ||    62
 Abil: Breathe Dispellin |       |       |     1 ||     1
  Use: Scroll            |       |     9 |     3 ||    12
       Potion            |       |     7 |    11 ||    18
 Stab: Sleeping          |     1 |       |     1 ||     2
Armor: Skin              |    48 |    56 |   142 ||   246
Dodge: Dodged            |    73 |    79 |   149 ||   301
Block: Buckler           |    29 |    22 |       ||    51
       Tower shield      |       |    23 |   268 ||   291

Table legend: (Time is in decaauts)
 A = Elapsed time spent in this place.
 B = Non-inter-level travel time spent in this place.
 C = Inter-level travel time spent in this place.
 D = Time resting spent in this place.
 E = Time spent auto-exploring this place.
 F = Levels seen in this place.
 G = Mean time per level.
                   A        B        C        D        E       F      G
               +--------+--------+--------+--------+--------+-----+--------+
         Total |   7387 |   7094 |    293 |    256 |   5317 |  10 |  738.7 |
       Dungeon |   7387 |   7094 |    293 |    256 |   5317 |  10 |  738.7 |
               +--------+--------+--------+--------+--------+-----+--------+

Top non-repeatable levels by time:
     D:6: 1235 daAuts
     D:2: 1195 daAuts
     D:5: 1175 daAuts
     D:1: 981 daAuts
     D:4: 860 daAuts
     D:3: 655 daAuts
     D:8: 629 daAuts
     D:7: 517 daAuts
     D:9: 113 daAuts
    D:10: 23 daAuts
